 Dungeon Crawl Stone Soup version 0.23.1 (webtiles) character file.

Game seed: 0

19767 dengdeng the Basher (level 12, -50/162 HPs)
             Began as a Hill Orc Berserker on Mar 12, 2019.
             Was a High Priest of Trog.
             Annihilated by a titanic slime creature (91 damage)
             ... on level 12 of the Dungeon on Mar 13, 2019.
             The game lasted 00:53:31 (13807 turns).

dengdeng the Basher (Hill Orc Berserker)           Turns: 13807, Time: 00:53:32

Health: -50/162    AC: 20    Str: 28    XL:     12   Next: 72%
Magic:  0/12       EV:  9    Int:  7    God:    Trog [*****.]
Gold:   553        SH:  0    Dex: 10    Spells: 11/11 levels left

rFire    . . .     SeeInvis .   V - +7 mace of Variability {chain chaos}
rCold    + . .     Gourm    .   (shield currently unavailable)
rNeg     . . .     Faith    .   J - +0 plate armour
rPois    .         Spirit   +   M - +2 helmet
rElec    .         Reflect  .   N - +0 cloak
rCorr    .         Harm     .   (no gloves)
MR       .....                  (no boots)
Stlth    ..........             s - amulet of guardian spirit
HPRegen  0.37/turn              n - ring of protection from cold
MPRegen  0.13/turn              (no ring)

@: berserking (expiring), lightly drained, very quick
A: weak 1
a: Berserk, Trog's Hand, Brothers in Arms, Renounce Religion


You were on level 12 of the Dungeon.
You worshipped Trog.
Trog was extremely pleased with you.
You were very hungry.

You visited 1 branch of the dungeon, and saw 13 of its levels.
You also visited: Sewer.

You collected 553 gold pieces.

Inventory:

Hand Weapons
 u - the +10 flail of Integrity {freeze, rElec Str+5}
   (You found it on level 4 of the Dungeon)

   It has been specially enchanted to freeze those struck by it, causing extra
   injury to most foes and up to half again as much damage against particularly
   susceptible opponents.
   It can also slow down cold-blooded creatures.
   It affects your strength (+5).
   It insulates you from electricity.
 Q - a +1 war axe of electrocution
 S - a +1 glaive of distortion
 V - the +7 mace of Variability (weapon) {chain chaos}
   (You found it on level 12 of the Dungeon)

   Each time it hits an enemy it has a different, random effect.
Missiles
 e - 274 stones
 B - 16 tomahawks
 O - 7 javelins (quivered)
Armour
 J - a +0 plate armour (worn)
 M - a +2 helmet (worn)
 N - a +0 cloak (worn)
Jewellery
 n - a ring of protection from cold (left hand)
 s - an amulet of guardian spirit (around neck)
Wands
 d - a wand of random effects (32)
 r - a wand of iceblast (11)
 x - a wand of flame (31)
 A - a wand of clouds (8)
 R - a wand of disintegration (18)
Scrolls
 f - 7 scrolls of identify
 i - 8 scrolls of remove curse
 j - 11 scrolls of teleportation
 p - 3 scrolls of fear {unknown}
 t - 3 scrolls of enchant armour {unknown}
 v - 6 scrolls of fog {unknown}
 y - 2 scrolls of immolation {unknown}
 C - a scroll of enchant weapon {unknown}
 P - a scroll of vulnerability {unknown}
Potions
 g - 2 potions of cancellation {unknown}
 h - 2 potions of haste {unknown}
 l - 2 potions of ambrosia {unknown}
 m - 2 potions of agility {unknown}
 o - 6 potions of heal wounds
 q - 2 potions of mutation {unknown}
 w - a potion of invisibility {unknown}
 z - 2 potions of degeneration {unknown}
 D - a potion of lignification {unknown}
 E - 4 potions of might {unknown}
 F - 5 potions of curing {unknown}
 G - 4 potions of flight {unknown}
 H - 3 potions of brilliance {unknown}
 W - a potion of berserk rage {unknown}
Miscellaneous
 U - a lightning rod (inert)
Comestibles
 c - 19 rations


   Skills:
 + Level 10.7(10.4) Fighting
 + Level 9.0(13.1) Axes
 + Level 12.8(13.2) Maces & Flails
 + Level 4.9(6.7) Polearms
 + Level 2.0(1.8) Throwing
 + Level 12.3(12.1) Armour
 + Level 3.5(3.3) Dodging
 - Level 1.2(1.0) Stealth
 + Level 0.9(0.7) Evocations


You had 11 spell levels left.
You didn't know any spells.
Your spell library was empty.

Dungeon Overview and Level Annotations

Branches:
Dungeon (13/15)            Temple (0/1) D:7            Lair (0/6) D:9
    Orc (0/2) D:12
 Vaults: D:13-14

Altars:
Ashenzari
Cheibriados
Elyvilon
Kikubaaqudgha
Trog
Xom
Zin
Beogh

Shops:
D:7 (   D:10 %   D:13 (

Annotations:
D:8 2 transporters, Nordron's ghost, novice TrHu
D:13 2 transporters, RatmanManrat's ghost, journeyman MiBe


Innate Abilities, Weirdness & Mutations

You are weak. (Str -2)


Message History

The titanic slime creature is moderately wounded.
You hammer the titanic slime creature like a gong!!!
You burn the titanic slime creature!
The titanic slime creature is heavily wounded.
The titanic slime creature barely misses you.
You bludgeon the titanic slime creature!!
The titanic slime creature flickers and vanishes!
Deactivating autopickup; reactivate with Ctrl-A.
Something hits you!!
You bludgeon something!!
The mace of Variability scintillates.
A swirling arc of seething chaos appears!
The arc of chaos hits something!
The arc of chaos hits something. x3
Something hits you!!!
Your plate armour prevents you from hitting something.
You crush something like a grape!!! Something hits you!!!
* * * LOW HITPOINT WARNING * * *
Unknown command.
You bludgeon something!! Something hits you!!!!
Ouch! That really hurt!
You die...

......................###.#.[...#
#####################.#.#.#.._..#
#####################.#.#.#.....#
......................#.#.#.....#
#'#########...###'#####.#.#######
..# #...#.....##..'.#......
'##### #...###...#####........
.....# ########...#............
.....# #.....{@...#.#...#......
#(...#########.######.....#......
..........# # #..........#......
..###...#.# #..........#......
..#.#.....######.######..........
#.+.#....[.......# #..........
#.#.#.....)..<...# #......#'##
..#.#....[.......# #.)###.#<..
###.'............# #..# #.#...


There were no monsters in sight!

Vanquished Creatures
  A hydra (D:11)
  Harold (D:8)
  A centaur warrior (D:13)
  A two-headed ogre (D:9)
  Erica (D:8)
  An unseen horror (shapeshifter) (D:11)
  An unseen horror (D:11)
  Pikel (D:5)
  A cyclops (D:11)
  2 manticores
  A deep elf mage (D:12)
  An ugly thing (D:11)
  A gargoyle (D:10)
  A kobold demonologist (D:12)
  An efreet (D:13)
  A merfolk (D:10)
  2 hornets
  4 trolls
  3 slime creatures (D:12)
  2 hippogriffs
  2 shadows
  A wyvern (D:11)
  19 yaks
  3 wraiths
  3 chaos spawn (D:12)
  A human (D:10)
  An acid dragon (D:11)
  A soldier ant (D:11)
  A water moccasin (D:12)
  A hornet zombie (D:6)
  4 orc warriors
  3 sky beasts
  3 slaves (D:5)
  2 necrophages
  2 ice beasts
  A phantom (D:6)
  An eye of draining (D:13)
  7 ogres
  5 centaurs
  2 big kobolds
  5 bullfrogs
  A wyvern zombie (D:10)
  5 scorpions
  6 killer bees (D:11)
  2 howler monkeys
  7 crimson imps
  A centaur zombie (D:6)
  A bullfrog zombie (D:12)
  10 hounds
  5 orc priests
  11 orc wizards
  3 centaur skeletons
  3 iguanas
  8 worker ants
  A hound zombie (D:5)
  A howler monkey zombie (D:5)
  2 worker ant zombies (D:9)
  14 adders
  8 gnolls
  A howler monkey skeleton (D:11)
  6 shadow imps
  An ooze (Sewer)
  An adder zombie (D:10)
  2 adder skeletons (D:9)
  3 worms
  4 dart slugs
  17 leopard geckos
  39 orcs
  12 bats
  14 giant cockroaches
  9 goblins
  5 hobgoblins
  15 jackals
  7 quokkas
  2 ball pythons
  6 frilled lizards
  35 kobolds
  2 leopard gecko skeletons
  2 quokka skeletons
  A quokka zombie (D:6)
  12 rats
381 creatures vanquished.

Vanquished Creatures (others)
  A rat (D:3)
1 creature vanquished.

Grand Total: 382 creatures vanquished

Notes
Turn   | Place    | Note
-------+----------+-------------------------------------------
     0 | D:1      | dengdeng the Hill Orc Berserker began the quest for the
                  | Orb.
     0 | D:1      | Reached XP level 1. HP: 19/19 MP: 1/1
   194 | D:1      | Reached XP level 2. HP: 21/27 MP: 2/2
   420 | D:1      | Reached ** piety under Trog
   420 | D:1      | Reached XP level 3. HP: 25/33 MP: 3/3
  1053 | D:1      | Reached skill level 5 in Axes
  1259 | D:2      | Reached XP level 4. HP: 4/40 MP: 4/4
  1259 | D:2      | HP: 3/60 [rat (1)]
  2369 | D:3      | Reached skill level 1 in Stealth
  2369 | D:3      | Reached XP level 5. HP: 42/47 MP: 5/5
  2398 | D:3      | Reached skill level 1 in Maces & Flails
  2534 | D:3      | Found a white marble altar of Elyvilon.
  2666 | D:3      | Reached *** piety under Trog
  3095 | D:3      | Reached XP level 6. HP: 49/53 MP: 6/6
  3360 | D:3      | Found a bloodstained altar of Trog.
  3418 | D:4      | Got an iridescent flail
  3602 | D:4      | Identified the +10 flail of Integrity {freeze, rElec Str+5}
                  | (You found it on level 4 of the Dungeon)
  3877 | D:4      | Reached XP level 7. HP: 55/60 MP: 7/7
  4279 | D:5      | Entered Level 5 of the Dungeon
  4283 | D:5      | Reached skill level 5 in Fighting
  4283 | D:5      | Reached skill level 5 in Maces & Flails
  4303 | D:5      | Reached **** piety under Trog
  4502 | D:5      | Reached XP level 8. HP: 52/68 MP: 8/8
  4621 | D:5      | Reached skill level 5 in Armour
  4640 | D:5      | Noticed Pikel
  4654 | D:5      | Killed Pikel
  5138 | D:5      | Reached XP level 9. HP: 75/75 MP: 9/9
  5351 | D:6      | Found a glowing drain.
  5370 | Sewer    | Entered a sewer
  5771 | D:6      | Reached ***** piety under Trog
  6593 | D:7      | Found a staircase to the Ecumenical Temple.
  6699 | D:7      | Found Xoplutoc's Antique Weapon Shoppe.
  7125 | D:7      | Found a shimmering altar of Xom.
  7435 | D:8      | Noticed Harold
  7459 | D:8      | Killed Harold
  7459 | D:8      | Reached skill level 10 in Maces & Flails
  7459 | D:8      | Reached XP level 10. HP: 13/86 MP: 1/10
  7757 | D:8      | Noticed Nordron's ghost (novice TrHu)
  7758 | D:8      | Noticed a moth of wrath
  7759 | D:8      | Found a bloodstained altar of Trog.
  7768 | D:8      | Found a transporter.
  7784 | D:8      | Found a transporter.
  7898 | D:8      | Noticed Erica
  7904 | D:8      | Killed Erica
  7979 | D:8      | Found a shattered altar of Ashenzari.
  7979 | D:8      | Found a glowing silver altar of Zin.
  7981 | D:8      | Found a snail-covered altar of Cheibriados.
  7981 | D:8      | Found an ancient bone altar of Kikubaaqudgha.
  8148 | D:9      | Found a staircase to the Lair.
  8441 | D:9      | Noticed a two-headed ogre
  8446 | D:9      | Killed a two-headed ogre
  8649 | D:9      | Reached skill level 10 in Armour
  9105 | D:10     | Entered Level 10 of the Dungeon
  9190 | D:10     | Reached XP level 11. HP: 95/95 MP: 11/11
  9202 | D:10     | Reached skill level 1 in Throwing
  9500 | D:10     | Got a crystal trident
  9506 | D:10     | Identified the +9 trident "Ducle" {antimagic, rElec MR+
                  | Str+8 Int-5} (You found it on level 10 of the Dungeon)
  9613 | D:10     | Found Deklodinn's Food Shop.
 10074 | D:11     | Reached skill level 1 in Polearms
 10271 | D:11     | Killed an unseen horror
 10651 | D:11     | Noticed a manticore
 10662 | D:11     | Killed a manticore
 10730 | D:11     | Noticed a green ugly thing
 10739 | D:11     | Killed a green ugly thing
 10993 | D:11     | Noticed an eight-headed hydra
 11005 | D:11     | Killed a 16-headed hydra
 11346 | D:11     | Noticed an orb spider
 11350 | D:11     | an orb spider changed into something unseen
 11366 | D:11     | Killed an unseen horror
 11448 | D:11     | Paralysed by a hornet for 2 turns
 11640 | D:11     | Noticed a cyclops
 11646 | D:11     | Reached XP level 12. HP: 103/105 MP: 12/12
 11950 | D:12     | Received a gift from Trog
 11968 | D:12     | Gained mutation: You are weak. (Str -2) [mutagenic glow]
 12089 | D:12     | Found a staircase to the Orcish Mines.
 12114 | D:12     | Found a roughly hewn altar of Beogh.
 12129 | D:12     | Reached skill level 10 in Fighting
 12884 | D:12     | Found a shimmering altar of Xom.
 12887 | D:12     | Found the +7 mace of Variability {chain chaos}
 12895 | D:12     | You fall through a shaft!
 12898 | D:13     | Noticed a centaur warrior
 12905 | D:13     | Killed a centaur warrior
 12923 | D:13     | Found a transporter.
 12941 | D:13     | Found Runoox's Antique Weapon Shop.
 12942 | D:13     | Noticed RatmanManrat's ghost (journeyman MiBe)
 12969 | D:13     | Found a transporter.
 13697 | D:12     | Got a blackened battleaxe
 13698 | D:12     | Identified the cursed +0 battleaxe of Voawet {flame, MR+
                  | Int+3} (You found it on level 12 of the Dungeon)
 13807 | D:12     | Annihilated by a titanic slime creature

Skill      XL: |  1  2  3  4  5  6  7  8  9 10 11 12 |
---------------+-------------------------------------+-----
Fighting       | 4 5 6 7 8 9 10 | 10.7
Dodging        | 2 3 |  3.5
Axes           | 5 7 9 |  9.0
Stealth        | 1 |  1.2
Maces & Flails | 2 3 5 8 10 11 12 | 12.8
Armour         | 3 4 5 8 10 11 12 | 12.3
Throwing       | 1 2 |  2.0
Polearms       | 4 |  4.9
Evocations     | |  0.9

Action                   |  1- 3 |  4- 6 |  7- 9 | 10-12 || total
-------------------------+-------+-------+-------+-------++-------
Melee: Hand axe          |    96 |     1 |       |       ||    97
       Flail             |       |   191 |   261 |   214 ||   666
       Trident           |       |       |       |   103 ||   103
       War axe           |       |       |       |    88 ||    88
       Great mace        |       |       |       |    80 ||    80
Throw: Stone             |     2 |     8 |     3 |       ||    13
       Tomahawk          |       |       |       |    14 ||    14
       Javelin           |       |       |       |    16 ||    16
Invok: Berserk           |     2 |     1 |     2 |     4 ||     9
Evoke: Wand              |       |       |       |     2 ||     2
       Lightning rod     |       |       |       |     4 ||     4
  Use: Scroll            |       |     2 |     1 |     3 ||     6
       Potion            |       |       |     1 |       ||     1
 Stab: Sleeping          |     2 |     1 |       |       ||     3
       Confused          |       |       |       |     2 ||     2
  Eat: Chunk             |     2 |     7 |    13 |    17 ||    39
       Ration            |       |     1 |       |     2 ||     3
Armor: Animal skin       |    27 |    15 |       |       ||    42
       Ring mail         |       |    49 |       |       ||    49
       Chain mail        |       |       |   150 |       ||   150
       Plate armour      |       |       |    60 |   381 ||   441
Dodge: Dodged            |    70 |   154 |   193 |   187 ||   604
